[Event "*** Titled Tuesday Blitz"]
[Site "Chess.com"]
[Date "2020.11.24"]
[Round "3"]
[White "r31415"]
[Black "shriyanasmallya"]
[Result "1-0"]
[WhiteElo "2467"]
[BlackElo "1678"]
[TimeControl "180+1"]
[EndTime "10:43:25 PST"]
[Termination "r31415 won by checkmate"]

1. c4 e5 2. Nc3 Nf6 3. Nf3 Bb4 4. Nxe5 Bxc3 5. bxc3 d6 6. Nf3 O-O 7. g3 Be6 8. d3 Nbd7 9. Bg2 b6 10. Nd4 c5 11.
Nxe6 fxe6 12. Bxa8 Qxa8 13. O-O d5 14. cxd5 Nxd5 15.
c4 N5f6 16. Bb2 e5 17. Qd2 h6 18. a4 Nh7 19. Qe3 Ng5 20. f3 Qb8 21. a5 bxa5 22. Rfb1 Qc7 23. Bc3 Qd6 24. Rxa5 Qg6 25. Rb7 Nf6 26.
Qxe5 Ne8 27. Raxa7 Ne6 28. Re7 Rf6 29. Ra8 Kh7 30. Rexe8 Ng5 31. Rh8# 1-0

[Event "*** Titled Tuesday Blitz"]
[Site "Chess.com"]
[Date "2020.11.24"]
[Round "3"]
[White "OscarAng"]
[Black "CoachHakia"]
[Result "1-0"]
[WhiteElo "2366"]
[BlackElo "2152"]
[TimeControl "180+1"]
[EndTime "10:43:26 PST"]
[Termination "OscarAng won by checkmate"]

1. d4 f5 2. Nc3 Nf6 3. Bg5 d5 4. f3 e6 5. Qd3 Be7 6. O-O-O Nbd7 7. Nh3 h6 8. Bxf6 Nxf6 9. Nf2 b6 10. e4 Bb7 11.
exf5 exf5 12. Qxf5 O-O 13. Re1 Bb4 14. Bd3 Bxc3 15.
bxc3 Qd6 16. Ng4 Ne4 17. Qe5 Qa3+ 18. Kd1 Nxc3+ 19. Kd2 Qb4 20. Nxh6+ gxh6 21. Qg3+ Kh8 22. Qe5+ Kg8 23. Qe6+ Kg7 24. Qg6+ Kh8 25. Qh7# 1-0

[Event "*** Titled Tuesday Blitz"]
[Site "Chess.com"]
[Date "2020.11.24"]
[Round "3"]
[White "queen_iryna"]
[Black "konradrutkowski"]
[Result "1-0"]
[WhiteElo "2265"]
[BlackElo "2388"]
[TimeControl "180+1"]
[EndTime "10:43:29 PST"]
[Termination "queen_iryna won by resignation"]

1. e4 c6 2. d4 d5 3. Nc3 dxe4 4. Nxe4 Nd7 5. Bc4 Ngf6 6. Ng5 e6 7. N1f3 h6 8. Nh3 g5 9. Ne5 Nxe5 10. dxe5 Qxd1+ 11. Kxd1 Ng4 12. f4 Bc5 13. Ke2 a5 14. Bd2 b6 15.
Raf1 Ba6 16. Bxa6 Rxa6 17. fxg5 hxg5 18. Nxg5 Ra7 19. Nf3 Rh5 20. Bf4 Rd7 21. h3 Nf2 22. Rxf2 Bxf2 23. Kxf2 Rf5 24. Ke3 c5 25. g4 Rxf4 26.
Kxf4 b5 1-0

[Event "*** Titled Tuesday Blitz"]
[Site "Chess.com"]
[Date "2020.11.24"]
[Round "3"]
[White "Trickov"]
[Black "Beltraxtor"]
[Result "0-1"]
[WhiteElo "2368"]
[BlackElo "2545"]
[TimeControl "180+1"]
[EndTime "10:43:30 PST"]
[Termination "Beltraxtor won by resignation"]

1. d4 d5 2. Nf3 Nf6 3. c4 c6 4.
Nc3 dxc4 5. a4 Bf5 6. e3 e6 7. Bxc4 Bb4 8. O-O Nbd7 9. Qb3 a5 10. Na2 Be7 11. Qxb7 Rb8 12. Qa6 Ra8 13. Qb7 Rb8 14. Qa6 Ra8 15. Qb7 O-O 16. Qb3 Rb8 17. Qd1 Qc7 18. Nc3 e5 19. dxe5 Nxe5 20. Nxe5 Qxe5 21. Qf3 Rb4 22. Qe2 Bd6 23. f4 Qc5 24. Bd3 Bxd3 25.
Qxd3 Rxf4 26. Rxf4 Bxf4 27. Bd2 Ng4 28. Nd1 Bxh2+ 29.
Kf1 Bg3 30. Rc1 Qh5 31. Ke2 Ne5+ 0-1

[Event "*** Titled Tuesday Blitz"]
[Site "Chess.com"]
[Date "2020.11.24"]
[Round "3"]
[White "Ajedrez_con_German"]
[Black "quesfr"]
[Result "1-0"]
[WhiteElo "2504"]
[BlackElo "2242"]
[TimeControl "180+1"]
[EndTime "10:43:32 PST"]
[Termination "Ajedrez_con_German won by resignation"]

1. Nf3 d5 2. e3 Nf6 3. c4 e6 4.
b3 Be7 5. Bb2 O-O 6. Nc3 Ne4 7.
Qc2 Nxc3 8. Bxc3 Bf6 9. Bd3 h6 10. Rg1 dxc4 11. bxc4 Nc6 12. h4 Nb4 13. Bxb4 Bxa1 14.
Bxf8 Kxf8 15. Ke2 Bf6 16. g4 Bxh4 17. g5 Bxg5 18. Nxg5 hxg5 19. Rh1 Qf6 20. Rh8+ Ke7 21. Qa4 Qe5 22. Qe8+ Kd6 23. Qxf7 b6 24. Qf8+ Kc6 25.
Qf3+ 1-0

[Event "*** Titled Tuesday Blitz"]
[Site "Chess.com"]
[Date "2020.11.24"]
[Round "3"]
[White "ambaixador"]
[Black "politeplayer"]
[Result "1-0"]
[WhiteElo "2446"]
[BlackElo "2227"]
[TimeControl "180+1"]
[EndTime "10:43:34 PST"]
[Termination "ambaixador won by resignation"]

1. Nf3 Nf6 2. c4 c5 3. g3 g6 4.
Bg2 Bg7 5. O-O O-O 6. d4 cxd4 7. Nxd4 Nc6 8. Nc3 Qa5 9. Nc2 Qh5 10. Ne3 d6 11. Re1 Bh3 12. Bh1 Bh6 13. Ncd5 Ng4 14. Nxg4 Bxg4 15. Bxh6 Qxh6 16. b4 Be6 17. b5 Bxd5 18.
Bxd5 Ne5 19. Bxb7 Ng4 20. h4 g5 21. Bxa8 Rxa8 22. Qd5 Rc8 23. Qxg5+ Qxg5 24. hxg5 Rxc4 25. Rec1 Ne5 26. Rxc4 Nxc4 27. a4 d5 28. a5 e6 29. b6 1-0

[Event "*** Titled Tuesday Blitz"]
[Site "Chess.com"]
[Date "2020.11.24"]
[Round "3"]
[White "kuban1991"]
[Black "Gusarov91"]
[Result "1-0"]
[WhiteElo "2899"]
[BlackElo "2661"]
[TimeControl "180+1"]
[EndTime "10:43:35 PST"]
[Termination "kuban1991 won by resignation"]

1. Nf3 c6 2. g3 d5 3. Bg2 Nf6 4. O-O Bg4 5. Ne5 Bh5 6. d4 Nbd7 7. c4 e6 8. Nc3 Nxe5 9. dxe5 Nd7 10. cxd5 cxd5 11.
f4 Bc5+ 12. Kh1 O-O 13. h3 f6 14. g4 Bf7 15. exf6 Nxf6 16. e4 d4 17. Na4 b6 18.
Bd2 Qd7 19. Rc1 Rac8 20. Nxc5 bxc5 21. b3 Rfe8 22. Qf3 e5 23. f5 h6 24. h4 Rcd8 25. g5 Nxe4 26. Qxe4 Bd5 27. Qg4 e4 28. Rxc5 Ba8 29. Ba5 Qd6 30. gxh6 Rd7 31. f6 Rf7 32.
Rg5 Qf8 33. hxg7 Qd6 34. Qh5 1-0

[Event "*** Titled Tuesday Blitz"]
[Site "Chess.com"]
[Date "2020.11.24"]
[Round "3"]
[White "HajduIstvanCM"]
[Black "geordie_derraugh"]
[Result "1/2-1/2"]
[WhiteElo "1704"]
[BlackElo "2459"]
[TimeControl "180+1"]
[EndTime "10:43:36 PST"]
[Termination "Game drawn by repetition"]

1. e4 c5 2. Nf3 e6 3. c4 Nc6 4.
d4 cxd4 5. Nxd4 Nf6 6. Nc3 Bb4 7. Nxc6 bxc6 8. Bd3 d5 9. cxd5 exd5 10. exd5 Nxd5 11. O-O Nxc3 12. bxc3 Bxc3 13. Qe2+ Be6 14. Rb1 O-O 15.
Qc2 Be5 16. Bxh7+ Kh8 17. Be4 Rc8 18. Qe2 Qh4 19. g3 Qh3 20. Bg2 Qf5 21. Be4 Qg4 22. Bf3 Qf5 23. Be4 Qh3 24. Bg2 Qf5 25.
Be4 1/2-1/2

[Event "*** Titled Tuesday Blitz"]
[Site "Chess.com"]
[Date "2020.11.24"]
[Round "3"]
[White "Taron_Shagbazyan"]
[Black "Chopper1905"]
[Result "1-0"]
[WhiteElo "2729"]
[BlackElo "2962"]
[TimeControl "180+1"]
[EndTime "10:43:37 PST"]
[Termination "Taron_Shagbazyan won by resignation"]

1. d4 d5 2. c4 c6 3. Nf3 Nf6 4. Nc3 e6 5. e3 Nbd7 6. Qc2 Bd6 7. Bd3 dxc4 8. Bxc4 O-O 9. O-O b5 10. Be2 Bb7 11. Rd1 Qb8 12. e4 e5 13. g3 Re8 14.
dxe5 Nxe5 15. Bg5 Neg4 16. a3 Bc5 17. Rf1 Bb6 18. Rad1 a5 19. Bf4 Qa7 20. Bd3 Nd7 21. e5 Ndxe5 22. Nxe5 Nxe5 23. Bxh7+ Kf8 24. Qf5 Bc8 25.
Qe4 f6 26. Bxe5 Rxe5 27. Qxc6 Qc7 28. Qxa8 Kf7 29. Nd5 Qc6 30. Qxc6 1-0

[Event "*** Titled Tuesday Blitz"]
[Site "Chess.com"]
[Date "2020.11.24"]
[Round "3"]
[White "azikom"]
[Black "rpragchess"]
[Result "1-0"]
[WhiteElo "2586"]
[BlackElo "2875"]
[TimeControl "180+1"]
[EndTime "10:43:37 PST"]
[Termination "azikom won by resignation"]

1. d4 Nf6 2. Nf3 b6 3. c4 Bb7 4.
Nc3 g6 5. g3 Bxf3 6. exf3 Bg7 7.
f4 c6 8. d5 cxd5 9. cxd5 O-O 10. Bg2 d6 11. O-O Nfd7 12. Re1 Nc5 13. Be3 Nbd7 14.
Bd4 Rb8 15. Bxg7 Kxg7 16. b4 Na6 17. Qd4+ Nf6 18. Re2 Rb7 19. Rae1 Nb8 20. a3 a6 21.
h4 h5 22. Bf3 b5 23. Ne4 Rc7 24. Ng5 Kg8 25. Kg2 Nh7 26. Nxh7 Kxh7 27. f5 Nd7 28. Rxe7 Ne5 29. fxg6+ Kxg6 30. R1xe5 dxe5 31. Qb6+ 1-0

[Event "*** Titled Tuesday Blitz"]
[Site "Chess.com"]
[Date "2020.11.24"]
[Round "3"]
[White "albi1999"]
[Black "Grandelicious"]
[Result "0-1"]
[WhiteElo "2607"]
[BlackElo "2830"]
[TimeControl "180+1"]
[EndTime "10:43:38 PST"]
[Termination "Grandelicious won by resignation"]

1. d4 d5 2. Nf3 e6 3. c4 a6 4. Bg5 Be7 5. Bxe7 Nxe7 6. Nbd2 O-O 7. g3 Nd7 8. Bg2 b6 9. cxd5 exd5 10. O-O Nf6 11. Rc1 Bf5 12. Ne5 Qd6 13. e3 c5 14.
Nb1 c4 15. Nc3 b5 16. g4 Be6 17. g5 Nd7 18. e4 Rad8 19. exd5 Nxe5 20. dxe6 Nd3 21.
exf7+ Rxf7 22. Rc2 Ng6 23. d5 Ngf4 24. Be4 Qe5 25.
Qg4 b4 0-1

[Event "*** Titled Tuesday Blitz"]
[Site "Chess.com"]
[Date "2020.11.24"]
[Round "3"]
[White "rynos0411"]
[Black "ferdipy"]
[Result "1-0"]
[WhiteElo "2357"]
[BlackElo "2135"]
[TimeControl "180+1"]
[EndTime "10:43:40 PST"]
[Termination "rynos0411 won by resignation"]

1. d4 e5 2. dxe5 d6 3. exd6 Bxd6 4. Nc3 Nc6 5. Nf3 Bg4 6. g3 Qe7 7. Bg2 O-O-O 8. O-O Bxg3 9. hxg3 Rxd1 10. Rxd1 Nf6 11. Bg5 h6 12. Nd5 Qxe2 13. Bxf6 gxf6 14. Rd2 Qe6 15.
Nh2 Bf5 16. Nf4 Qc4 17. Rad1 Qxa2 18. b3 Ne5 19. Nd5 a5 20. Ne7+ Kb8 21. Nxf5 a4 22. bxa4 Qxa4 23. Rb1 b6 24. Rd4 Qa3 25. Nf1 Nf3+ 26.
Bxf3 Qxf3 27. Rf4 Qc6 28. Nd4 Qa4 29. Ne3 h5 30. Nef5 Kb7 31. Nb3 Qa2 32. Rc1 Re8 33. Ne3 Re6 34. Rb4 Ka8 35. Ra1 1-0

[Event "*** Titled Tuesday Blitz"]
[Site "Chess.com"]
[Date "2020.11.24"]
[Round "3"]
[White "No_t_ime_to_die"]
[Black "MarkoPe"]
[Result "0-1"]
[WhiteElo "2412"]
[BlackElo "2204"]
[TimeControl "180+1"]
[EndTime "10:43:42 PST"]
[Termination "MarkoPe won by resignation"]

1. e4 c5 2. Nf3 d6 3. d4 cxd4 4. Nxd4 Nf6 5. Nc3 Bd7 6. Bg5 e6 7. Qd2 h6 8. Bh4 Nxe4 9. Qf4 Ng5 10. O-O-O Nc6 11. Ndb5 e5 12. Qg3 Be6 13. f4 exf4 14. Qxf4 Qa5 15. Bc4 Be7 16. Bxe6 Nxe6 17. Nxd6+ Bxd6 18.
Qxd6 Qb4 19. Qd8+ Ncxd8 20. Bg3 O-O 21. Nd5 Qa5 22. a3 Nc6 23. Be1 Qa6 24. Bc3 Rad8 25. Rhe1 Rfe8 26. Kb1 b5 27. g3 Qb7 28. Ne3 a5 29.
Rc1 b4 30. axb4 axb4 31. Bxg7 Nxg7 32. Nc4 Rxe1 33. Rxe1 Ne6 34. Na5 Nxa5 0-1

[Event "*** Titled Tuesday Blitz"]
[Site "Chess.com"]
[Date "2020.11.24"]
[Round "3"]
[White "BlackGod93"]
[Black "Manukyan_Artak"]
[Result "1-0"]
[WhiteElo "2177"]
[BlackElo "2347"]
[TimeControl "180+1"]
[EndTime "10:43:45 PST"]
[Termination "BlackGod93 won by resignation"]

1. d4 Nf6 2. Nf3 d5 3. c4 c6 4. Nbd2 Bg4 5. Ne5 Bh5 6. Qb3 Qb6 7. Qh3 e6 8. c5 Qa5 9. e3 b6 10. cxb6 axb6 11. Bd3 Nbd7 12. g4 Nxe5 13. dxe5 Bxg4 14. Qg3 Ne4 15. Bxe4 dxe4 16. Qxg4 Qxe5 17. Qxe4 Qc7 18. O-O Bd6 19. Nf3 O-O 20. Bd2 b5 21. a3 Ra4 22.
b4 Rfa8 23. Rac1 Rxa3 24. Rxc6 Qb8 25. Rfc1 Ra1 26. Rxa1 Rxa1+ 27. Kg2 Bf8 28. Bc3 Rd1 29.
Ng5 g6 30. Qh4 h5 31. Ne4 Bg7 32. Bxg7 Kxg7 33. Qf6+ Kg8 34. Ng5 Qb7 35. e4 Rd7 36.
Rc3 Rc7 37. Qd8+ 1-0

[Event "*** Titled Tuesday Blitz"]
[Site "Chess.com"]
[Date "2020.11.24"]
[Round "3"]
[White "tigra"]
[Black "AliKa2810"]
[Result "1-0"]
[WhiteElo "2803"]
[BlackElo "2588"]
[TimeControl "180+1"]
[EndTime "10:43:47 PST"]
[Termination "tigra won by resignation"]

1. e4 c6 2. d4 d5 3. exd5 cxd5 4.
Bd3 Nc6 5. c3 Qc7 6. Na3 a6 7. Nc2 Nf6 8. Bg5 Bg4 9. f3 Bh5 10.
Bxf6 gxf6 11. Ne3 e6 12. Qd2 Bd6 13. g3 O-O-O 14. b4 Ne7 15. a4 e5 16. a5 Rhe8 17. Kf2 Rg8 18. b5 axb5 19. a6 b6 20.
Ne2 Kb8 21. a7+ Ka8 22. Qa2 Qc6 23. Rhc1 Bxf3 24. Kxf3 e4+ 25. Bxe4 dxe4+ 26. Kf2 Bc7 27. c4 b4 28. c5 b5 29. Qxf7 Nd5 30. Nxd5 Qxd5 31. Qxc7 b3 32. c6 Qf5+ 33. Ke3 Qc8 34. Qxc8+ Rxc8 35. Rab1 Kxa7 36. Rxb3 Kb6 37. d5 1-0

[Event "*** Titled Tuesday Blitz"]
[Site "Chess.com"]
[Date "2020.11.24"]
[Round "3"]
[White "mr_gustavo"]
[Black "tlomigtlis"]
[Result "0-1"]
[WhiteElo "2405"]
[BlackElo "2576"]
[TimeControl "180+1"]
[EndTime "10:43:47 PST"]
[Termination "tlomigtlis won on time"]

1. d4 d5 2. c4 c6 3. Nf3 Nf6 4. e3 Bf5 5. Nc3 e6 6. Nh4 Be4 7. f3 Bg6 8. Qb3 Qc7 9. Nxg6 hxg6 10. g3 Nbd7 11. Bg2 Bd6 12. f4 g5 13. Bd2 gxf4 14.
exf4 dxc4 15. Qxc4 Nb6 16. Qe2 O-O-O 17. O-O-O Nfd5 18. Nxd5 cxd5+ 19. Kb1 Kb8 20. Rc1 Qd7 21. b3 Rc8 22.
Ba5 Ba3 23. Rxc8+ Rxc8 24. Bxb6 axb6 25. Qd2 Qc7 26. Rf1 Qc6 27. g4 g6 28. h4 Qb5 29. h5 Bb4 30. Qd1 Qa5 31. h6 Ba3 32. Rf3 Qb5 33. h7 Qe2 0-1

[Event "*** Titled Tuesday Blitz"]
[Site "Chess.com"]
[Date "2020.11.24"]
[Round "3"]
[White "TigrVShlyape"]
[Black "EvgenyRomanov"]
[Result "1-0"]
[WhiteElo "2815"]
[BlackElo "2595"]
[TimeControl "180+1"]
[EndTime "10:43:48 PST"]
[Termination "TigrVShlyape won by checkmate"]

1. e4 e5 2. Nf3 Nc6 3. Bb5 a6 4. Ba4 Nf6 5. O-O Be7 6. Re1 b5 7. Bb3 d6 8. c3 O-O 9. d4 Bg4 10.
d5 Na5 11. Bc2 c6 12. h3 Bh5 13.
dxc6 Qc7 14. Nbd2 Qxc6 15. Nf1 Rfd8 16. Ng3 Bg6 17. Nh4 d5 18. Nxg6 hxg6 19. exd5 Rxd5 20. Qe2 Re8 21. Bg5 Qc7 22. Rad1 Rxd1 23. Rxd1 Nc4 24. Bc1 Bc5 25. Ne4 Nxe4 26. Bxe4 Rd8 27. Rxd8+ Qxd8 28. a4 Qd7 29. axb5 axb5 30. b3 Nb6 31. Bd2 Nc8 32.
Bd3 Na7 33. Be1 f5 34. b4 Bb6 35. c4 bxc4 36. Bxc4+ Kh7 37. Bb3 Nc6 38. Qc4 Qe8 39.
Qh4# 1-0

[Event "*** Titled Tuesday Blitz"]
[Site "Chess.com"]
[Date "2020.11.24"]
[Round "3"]
[White "niki_2003"]
[Black "chito89"]
[Result "0-1"]
[WhiteElo "1996"]
[BlackElo "2728"]
[TimeControl "180+1"]
[EndTime "10:43:49 PST"]
[Termination "chito89 won by resignation"]

1. d4 Nf6 2. c4 g6 3. Nc3 d5 4.
cxd5 Nxd5 5. e4 Nxc3 6. bxc3 Bg7 7. Be3 c5 8. Bc4 Nc6 9. Ne2 O-O 10. O-O Bg4 11. f3 cxd4 12. cxd4 Na5 13. Bd5 Bd7 14. Bd2 Bc6 15. Bxa5 Qxa5 16. Bxc6 bxc6 17. e5 c5 18. f4 cxd4 19. Qxd4 Rfd8 20. Qe4 e6 21.
Rad1 h5 22. Rd6 Rxd6 23. exd6 Rd8 24. Rd1 Qc5+ 25. Kh1 Rxd6 26. Nc3 Bxc3 27. Rc1 Qd4 28. Qa8+ Kg7 29. h3 Qxf4 30. Rb1 Be5 0-1

[Event "*** Titled Tuesday Blitz"]
[Site "Chess.com"]
[Date "2020.11.24"]
[Round "3"]
[White "frequentblunders"]
[Black "kakorrhaphiophobie"]
[Result "0-1"]
[WhiteElo "2050"]
[BlackElo "2325"]
[TimeControl "180+1"]
[EndTime "10:43:50 PST"]
[Termination "kakorrhaphiophobie won by resignation"]

1. e4 e6 2. c4 d5 3. cxd5 exd5 4. exd5 Nf6 5. Nc3 Be7 6. Nf3 Nbd7 7. d4 O-O 8. Bd3 Nb6 9. O-O Nbxd5 10. Re1 h6 11. Ne5 Nxc3 12. bxc3 Be6 13. Qf3 Qd5 14. Qg3 Nh5 15.
Qe3 Bg5 16. Qe2 Bxc1 17. Qxh5 Bd2 18. Bc4 Qd6 19. Bxe6 Qxe6 20. Re4 Bxc3 21. Rd1 Rad8 22. Rg4 Rd5 23. f4 Bxd4+ 24. Kh1 Bxe5 25. Rxd5 Qxd5 0-1

[Event "*** Titled Tuesday Blitz"]
[Site "Chess.com"]
[Date "2020.11.24"]
[Round "3"]
[White "Zkid"]
[Black "Mikhail_Golubev"]
[Result "1-0"]
[WhiteElo "2797"]
[BlackElo "2583"]
[TimeControl "180+1"]
[EndTime "10:43:52 PST"]
[Termination "Zkid won on time"]

1. e4 c5 2. Nf3 d6 3. d4 Nf6 4.
dxc5 Nxe4 5. cxd6 Nc6 6. Bd3 Nxd6 7. Bf4 g6 8. Nc3 Bg7 9. Qd2 O-O 10. Bh6 Bxh6 11.
Qxh6 f6 12. O-O-O Nf7 13. Bc4 Qc7 14. Rhe1 Bf5 15. Nd5 Qd6 16. Nxe7+ Qxe7 17. Rxe7 Nxe7 18. Nh4 Rac8 19. Bxf7+ Rxf7 20. c3 g5 21. Nxf5 Nxf5 22. Qh3 Rc5 23. Rd8+ Kg7 24. g4 Ne7 25. Qe3 b6 26. f4 Nd5 27. Qe8 Nxf4 28. Qg8+ Kh6 29. Qxf7 Ne2+ 30. Kd2 1-0

[Event "*** Titled Tuesday Blitz"]
[Site "Chess.com"]
[Date "2020.11.24"]
[Round "3"]
[White "korbul"]
[Black "Tsyhanchuk_Stanislav"]
[Result "1-0"]
[WhiteElo "2557"]
[BlackElo "2268"]
[TimeControl "180+1"]
[EndTime "10:43:52 PST"]
[Termination "korbul won on time"]

1. e4 c5 2. Nf3 Nc6 3. Bc4 e6 4.
d3 a6 5. c3 b5 6. Bb3 d5 7. e5 Qc7 8. Bf4 Nge7 9. O-O Ng6 10. Bg3 Be7 11. Re1 h5 12. h3 h4 13. Bh2 Bb7 14.
a3 Rd8 15. d4 cxd4 16. cxd4 Qb6 17. Nc3 Na5 18. Bc2 Nc4 19. Bxg6 fxg6 20. Ne2 g5 21.
Qd3 Kf7 22. b3 Na5 23. Qe3 Kg6 24. Nd2 Rdf8 25. f4 Qd8 26. Nf3 Nc6 27. Rf1 Nb8 28.
fxg5 Bxg5 29. Bf4 Bxf4 30. Nxf4+ Kf7 31. Qd3 1-0

[Event "*** Titled Tuesday Blitz"]
[Site "Chess.com"]
[Date "2020.11.24"]
[Round "3"]
[White "Kotofeyca"]
[Black "Kapibara_Warri0r"]
[Result "1-0"]
[WhiteElo "2411"]
[BlackElo "2172"]
[TimeControl "180+1"]
[EndTime "10:43:52 PST"]
[Termination "Kotofeyca won on time"]

1. d4 Nf6 2. c4 g6 3. f3 Bg7 4. e4 d6 5. Nc3 O-O 6. Be3 Nc6 7. Nge2 a6 8. a3 e5 9. d5 Nd4 10. Nxd4 exd4 11. Bxd4 c5 12. dxc6 bxc6 13. Be2 c5 14. Be3 Qb6 15. Rb1 Nd7 16. Qd2 Bd4 17. Nd5 Qb3 18. Bxd4 cxd4 19. Qxd4 f6 20. Nc7 Rb8 21.
Qxd6 Qc2 22. Qd3 Qa4 23. O-O Ne5 24. Qc3 Qc6 25. Nd5 Qc5+ 26. Kh1 Be6 27. b4 Qa7 28. c5 Bxd5 29. exd5 Qd7 30. d6 Rfe8 31. Bc4+ Kg7 32. Rfe1 Qf5 33. Bxa6 Nc6 34. Bf1 Ne5 35. c6 1-0

[Event "*** Titled Tuesday Blitz"]
[Site "Chess.com"]
[Date "2020.11.24"]
[Round "3"]
[White "J36225"]
[Black "GAusal"]
[Result "1-0"]
[WhiteElo "2472"]
[BlackElo "2016"]
[TimeControl "180+1"]
[EndTime "10:43:55 PST"]
[Termination "J36225 won by checkmate"]

1. e4 c5 2. Nf3 d6 3. Bb5+ Bd7 4.
Bxd7+ Nxd7 5. O-O e6 6. c4 g6 7. Nc3 Bg7 8. d3 Ne7 9. Be3 a6 10. Qd2 O-O 11. Ne1 Ne5 12. h3 N5c6 13. f4 f5 14. Nf3 Nd4 15. Ne2 Nxf3+ 16. Rxf3 Nc6 17. exf5 exf5 18. d4 Qe7 19. dxc5 dxc5 20. Nc3 Rad8 21. Nd5 Qe4 22. Rc1 Nd4 23. Rff1 Rfe8 24. Rfe1 Rxd5 25.
cxd5 Qxd5 26. Bxd4 Bxd4+ 27. Kh1 Rxe1+ 28. Rxe1 Qxa2 29. Qd3 Qxb2 30. Qc4+ Kg7 31. g4 Qf2 32.
Re7+ Kh8 33. Re8+ Kg7 34. Qg8+ Kh6 35. g5+ Kh5 36. Qxh7# 1-0

[Event "*** Titled Tuesday Blitz"]
[Site "Chess.com"]
[Date "2020.11.24"]
[Round "3"]
[White "northridgehawk"]
[Black "BegmuratovKh2010"]
[Result "1-0"]
[WhiteElo "2313"]
[BlackElo "2501"]
[TimeControl "180+1"]
[EndTime "10:43:56 PST"]
[Termination "northridgehawk won by resignation"]

1. e4 e5 2. Nf3 Nc6 3. Bb5 Nf6 4.
d3 Bc5 5. O-O Qe7 6. c3 a6 7.
Ba4 b5 8. Bc2 d6 9. d4 Bb6 10.
Bg5 h6 11. Bh4 O-O 12. Re1 Bg4 13. d5 Nb8 14. h3 Bh5 15. g4 Bg6 16. Nbd2 Nbd7 17.
Nf1 a5 18. Ng3 b4 19. Qe2 bxc3 20. bxc3 a4 21. Kh2 Nc5 22. Rg1 a3 23. g5 hxg5 24.
Bxg5 Na4 25. Nh4 Nxc3 26. Qf3 Ncxd5 27. Ngf5 Qd7 28. exd5 Nh7 29. Ne7+ Qxe7 30. Bxe7 Bxc2 31. Bxf8 Rxf8 32. Rac1 Ba4 33. Qg4 g5 34. Qh5 Bxf2 35. Rxg5+ Kh8 36. Rf5 Be3 37. Ng6+ fxg6 38. Rxf8+ Kg7 39.
Rxc7+ Kxf8 40. Qxh7 Bf4+ 41. Kg2 1-0

[Event "*** Titled Tuesday Blitz"]
[Site "Chess.com"]
[Date "2020.11.24"]
[Round "3"]
[White "anon569"]
[Black "Trovita84"]
[Result "0-1"]
[WhiteElo "2290"]
[BlackElo "2000"]
[TimeControl "180+1"]
[EndTime "10:43:57 PST"]
[Termination "Trovita84 won on time"]

1. e4 d6 2. d4 Nf6 3. Nc3 g6 4. Nf3 Bg7 5. Be2 O-O 6. O-O c5 7. dxc5 dxc5 8. Qxd8 Rxd8 9. Be3 b6 10. Rad1 Rxd1 11. Rxd1 Bb7 12. Rd8+ Bf8 13. e5 Ng4 14. Bf4 Nc6 15. Rd7 Bc8 16. Rc7 Nb4 17. Nd2 Be6 18. h3 Nh6 19. Bf3 Rd8 20. Rxa7 Nxc2 21. Rb7 Nf5 22. Be4 Ncd4 23. Rxb6 Bg7 24. g4 Nh6 25.
Kg2 f5 26. gxf5 Bxf5 27. Rb7 Bxe4+ 28. Ndxe4 Nhf5 29. Ng5 Nh4+ 30. Kg3 Ndf5+ 0-1

[Event "*** Titled Tuesday Blitz"]
[Site "Chess.com"]
[Date "2020.11.24"]
[Round "3"]
[White "Training_Day"]
[Black "KaterinaMiroshnik"]
[Result "0-1"]
[WhiteElo "2346"]
[BlackElo "2527"]
[TimeControl "180+1"]
[EndTime "10:43:59 PST"]
[Termination "KaterinaMiroshnik won on time"]

1. e4 d6 2. d4 Nf6 3. Nc3 e5 4.
dxe5 dxe5 5. Qxd8+ Kxd8 6. Bg5 c6 7. Nf3 Nd7 8. O-O-O Kc7 9. Bc4 Bc5 10. Bh4 Rf8 11.
Ng5 h6 12. Nxf7 b5 13. Bb3 a5 14. Bg3 Nh5 15. Bxe5+ Nxe5 16. Nxe5 a4 17. Bf7 Nf4 18. g3 Nh3 19. Rd2 Nxf2 20. Rf1 b4 21. Rdxf2 bxc3 22. bxc3 Bxf2 23. Rxf2 Be6 24. Rf4 Kd6 25. Bxe6 Kxe6 26. Nc4 g5 0-1

[Event "*** Titled Tuesday Blitz"]
[Site "Chess.com"]
[Date "2020.11.24"]
[Round "3"]
[White "TheCairnTerrier"]
[Black "2nd_life"]
[Result "0-1"]
[WhiteElo "2169"]
[BlackElo "2488"]
[TimeControl "180+1"]
[EndTime "10:44:00 PST"]
[Termination "2nd_life won by resignation"]

1. e4 e5 2. Nf3 Nc6 3. Bc4 Bc5 4.
c3 Nf6 5. d3 a6 6. Bb3 Ba7 7. O-O O-O 8. Re1 h6 9. Nbd2 d6 10. Nf1 Ng4 11. Re2 Na5 12. Bc2 f5 13. h3 Nf6 14. exf5 Bxf5 15. Ng3 Bh7 16. d4 Bxc2 17. Qxc2 exd4 18. Nxd4 Bxd4 19. cxd4 Nc6 20. Bd2 d5 21. Qd3 Qd7 22. Rae1 Rae8 23. f3 Rxe2 24. Rxe2 Re8 25. Rxe8+ Qxe8 26. Nf5 Ne7 27. Ng3 Qa4 28. Bf4 Qxa2 29. Bxc7 Qxb2 30. Kh2 Qb5 31. Be5 0-1

[Event "*** Titled Tuesday Blitz"]
[Site "Chess.com"]
[Date "2020.11.24"]
[Round "3"]
[White "petrpalachev"]
[Black "Teidi96"]
[Result "1-0"]
[WhiteElo "2715"]
[BlackElo "2292"]
[TimeControl "180+1"]
[EndTime "10:44:00 PST"]
[Termination "petrpalachev won by resignation"]

1. d4 Nf6 2. Bf4 e6 3. Nf3 d5 4. e3 c5 5. Nbd2 Nc6 6. c3 Bd6 7. Bg3 O-O 8. Bd3 b6 9. Qe2 Bb7 10. Rd1 Re8 11. Ne5 Ne7 12. Bh4 Ng6 13. Bxf6 Qxf6 14.
f4 cxd4 15. cxd4 Rec8 16. O-O Qe7 17. e4 dxe4 18. Nxe4 Bxe5 19. fxe5 Bxe4 20. Bxe4 Rab8 21. d5 exd5 22. Bxd5 Qxe5 23. Bxf7+ Kh8 24. Rde1 Qxe2 25. Rxe2 Rc7 26. g3 Re7 27. Rxe7 Nxe7 28. Be6 h6 29.
Rf7 Nc6 30. Rc7 Nd4 31. Bg4 a5 32. Rc4 Nb5 33. Kf2 Kg8 34. Ke3 Kf7 35. a4 Nd6 36.
Rc6 Ke7 37. Kd4 Rb7 38. Kd5 Ke8 39. Rxd6 1-0

[Event "*** Titled Tuesday Blitz"]
[Site "Chess.com"]
[Date "2020.11.24"]
[Round "3"]
[White "vladgoncharov"]
[Black "rududuyk"]
[Result "1-0"]
[WhiteElo "2483"]
[BlackElo "2169"]
[TimeControl "180+1"]
[EndTime "10:44:03 PST"]
[Termination "vladgoncharov won by resignation"]

1. d4 e6 2. c4 f5 3. Nf3 Nf6 4. Nc3 Be7 5. e3 O-O 6. Bd3 b6 7. O-O Bb7 8. b3 Ne4 9. Bb2 Bf6 10. Rc1 d6 11. Nd2 Nxc3 12. Bxc3 Qe8 13. Qe2 e5 14.
dxe5 dxe5 15. Bxf5 e4 16. Qg4 Bxc3 17. Rxc3 Qe5 18.
Bxe4 Bxe4 19. Nxe4 Nc6 20. Rd3 Rae8 21. Ng3 Rf6 22. Rd7 Rg6 23. Qf3 Rf8 24. Qd5+ Qxd5 25.
Rxd5 Nb4 26. Rd2 Rgf6 27. Ne4 Re6 28. Nc3 c5 29. Rfd1 Nc6 30. Rd6 Rxd6 31. Rxd6 Ne5 32.
h3 Kf7 33. Nd5 Re8 34. Nf4 Re7 35. Nd3 Nd7 36. Rxd7 Rxd7 37. Ne5+ Ke6 38. Nxd7 Kxd7 39. f4 Kd6 40. Kf2 Ke6 41. Kf3 Kf5 42. e4+ 1-0

[Event "*** Titled Tuesday Blitz"]
[Site "Chess.com"]
[Date "2020.11.24"]
[Round "3"]
[White "Fy_Rakotomaharo"]
[Black "Nemsko"]
[Result "1-0"]
[WhiteElo "2699"]
[BlackElo "2355"]
[TimeControl "180+1"]
[EndTime "10:44:03 PST"]
[Termination "Fy_Rakotomaharo won by checkmate"]

1. d4 Nf6 2. c4 e6 3. Nc3 Bb4 4. e3 O-O 5. Bd2 d5 6. Nf3 b6 7. cxd5 exd5 8. Rc1 c6 9. Bd3 Be6 10. O-O Nbd7 11. Bb1 Re8 12. Ne5 Rc8 13. f4 Bxc3 14. Bxc3 Nf8 15. Be1 Ne4 16. f5 Bd7 17. Bxe4 dxe4 18.
f6 g6 19. Qc2 c5 20. Qxe4 cxd4 21. Rxc8 Qxc8 22. exd4 Bf5 23. Qh4 Qd8 24. Bc3 Qd5 25.
g4 Be4 26. Qh6 Ne6 27. Nxf7 Bh1 28. Rf2 Kxf7 29. Qxh7+ Kf8 30. Bb4+ Nc5 31. Qg7# 1-0